 Dungeon Crawl Stone Soup version 0.30.1-4-g462c640d31 (webtiles) character file.

Game seed: 8078987646110734754

222016 spardeous the Fighter (level 17, 0/193 HPs)
             Began as a Demigod Conjurer on Aug 11, 2023.
             Slain by an earth elemental (16 damage)
             ... on level 1 of the Elven Halls.
             The game lasted 02:25:11 (50678 turns).

spardeous the Fighter (Demigod Conjurer)           Turns: 50678, Time: 02:25:11

Health: 0/193      AC: 30    Str: 14    XL:     17   Next: 88%
Magic:  13/46      EV: 14    Int: 30    God:
Gold:   1018       SH: 14    Dex: 18    Spells: 5/37 levels left

rFire   + . .        i - staff of conjuration
rCold   + . .        v - +1 kite shield {AC+3}
rNeg    + . .        Q - melded +0 swamp dragon scales
rPois   ∞            (helmet restricted)
rElec   +            L - scarf {repulsion}
rCorr   .            z - melded +2 pair of gloves {Str+3}
SInv    .            h - melded +2 pair of boots "Qotod" {Fly}
Will    +....        X - amulet of magic regeneration
Stlth   +++++        B - ring of Haoroe {rF+ rC+ Str-2 Int+2 Stlth+}
HPRegen 0.52/turn    R - ring of magical power
MPRegen 0.70/turn

%: repel missiles
@: statue-form, grasped by roots, constricted, studying 3 skills, very slow
A: slow and powerful, torment resistance 1, boosted hp, high MP 1, forlorn,
divine attributes, horns 1, thin skeletal structure 1, MP-powered wands
}: 1/15 runes: decaying
a: End Transformation


You were on level 1 of the Elven Halls.
You were a living statue of rough stone.
You visited 6 branches of the dungeon, and saw 29 of its levels.
You also visited: Ossuary, Bailey, Gauntlet, Ice Cave and Wizlab.

You collected 4411 gold pieces.
You spent 3393 gold pieces at shops.

Inventory:

Hand Weapons
 n - a +6 short sword of speed
 s - the +7 arbalest of Hepliaklqana {speed, Will+ MP+9}
   (You found it in a Gauntlet)

   MP:        It affects your magic capacity (+9).
   Will:      It increases your willpower.
 P - a +2 broad axe of freezing
Armour
 h - the +2 pair of boots "Qotod" (melded) {Fly}
   (You found it on level 3 of the Swamp)

   Fly:       It grants you flight.
 v - a +1 kite shield of protection (worn)
 z - a +2 pair of gloves of strength (melded)
 A - a +0 robe of the Archmagi
 D - the +3 helmet of Cetet {rC+ rN++ Will+ Dex-4}
   (You found it on level 2 of the Orcish Mines)

   Dex:       It affects your dexterity (-4).
   rC:        It protects you from cold.
   rN:        It greatly protects you from negative energy.
   Will:      It increases your willpower.
 L - a scarf of repulsion (worn)
 Q - +0 swamp dragon scales (melded)
Magical Staves
 i - a staff of conjuration (weapon)
Jewellery
 c - a ring of resist corrosion
 g - the ring of Ycval {rPois rCorr Int+3 Slay+4}
   (You found it on level 3 of the Swamp)

   [ring of resist corrosion]

   Int:       It affects your intelligence (+3).
   Slay:      It affects your accuracy & damage with ranged weapons and melee
   (+4).
   rPois:     It protects you from poison.
   rCorr:     It protects you from acid and corrosion.
 j - a +6 ring of dexterity
 o - a ring of flight
 B - the ring of Haoroe (left fist) {rF+ rC+ Str-2 Int+2 Stlth+}
   (You found it in an ice cave)

   [ring of protection from cold]

   Str:       It affects your strength (-2).
   Int:       It affects your intelligence (+2).
   rF:        It protects you from fire.
   rC:        It protects you from cold.
   Stlth:     It makes you more stealthy.
 F - a +4 ring of protection
 R - a ring of magical power (right fist)
 S - the ring of Buil {+Blink rPois Str+6 Dex-5}
   (You found it in a Gauntlet)

   [ring of poison resistance]

   Str:       It affects your strength (+6).
   Dex:       It affects your dexterity (-5).
   rPois:     It protects you from poison.
   +Blink:    It lets you blink.
 X - an amulet of magic regeneration (around neck)
Wands
 p - a wand of flame (83)
 u - a wand of iceblast (44)
 C - a wand of digging (26)
 G - a wand of light (24)
 O - a wand of polymorph (8)
 T - a wand of charming (9)
 U - a wand of mindburst (20)
Scrolls
 a - a scroll of magic mapping
 d - 3 scrolls of amnesia
 f - a scroll of butterflies
 k - 6 scrolls of blinking
 m - 3 scrolls of immolation
 y - a scroll of fear
 H - a scroll of silence
 M - 5 scrolls of poison
 N - 6 scrolls of fog
 Z - 12 scrolls of teleportation
Potions
 b - 2 potions of magic
 e - 4 potions of haste
 l - 5 potions of curing
 q - a potion of flight
 r - 3 potions of attraction
 t - a potion of resistance
 w - 4 potions of ambrosia
 x - 9 potions of lignification
 E - 5 potions of heal wounds
 I - 2 potions of berserk rage
 J - 11 potions of might
 K - 6 potions of brilliance
 W - 3 potions of invisibility


   Skills:
 - Level 13.0 Fighting
 - Level 8.7 Axes
 - Level 0.9 Throwing
 + Level 10.9 Armour
 - Level 10.2 Dodging
 - Level 5.0 Stealth
 - Level 12.4 Shields
 - Level 10.8 Spellcasting
 - Level 12.6 Conjurations
 - Level 10.1 Translocations
 - Level 6.5 Transmutations
 - Level 12.0 Earth Magic


You had 5 spell levels left.
You knew the following spells:

 Your Spells              Type           Power      Damage    Failure   Level
a - Fulminant Prism       Conj/Hex       34%        3d16      4%          4
b - Searing Ray           Conj           100%       2d8       1%          2
c - Iskenderun's Mystic   Conj/Tloc      91%        2d18      1%          4
d - Statue Form           Tmut/Erth      42%        N/A       22%         6
e - Arcjolt               Conj/Air       34%        1d44      14%         5
f - Iron Shot             Conj/Erth      47%        9d9       6%          6
i - Iskenderun's Battles  Conj           95%        2d14      1%          5

Your spell library contained the following spells:

 Spells                   Type           Power      Damage    Failure   Level
 Apportation              Tloc           100%       N/A       1%          1
 Beastly Appendage        Tmut           100%       N/A       1%          1
 Foxfire                  Conj/Fire      100%       2x1d9     1%          1
 Magic Dart               Conj           100%       1d8       1%          1
 Shock                    Conj/Air       100%       1d9       1%          1
 Passwall                 Tmut/Erth      53%        N/A       1%          2
 Static Discharge         Conj/Air       100%       2-7/arc   1%          2
 Wereblood                Tmut           53%        N/A       1%          2
 Dazzling Flash           Conj/Hex       100%       N/A       1%          3
 Stone Arrow              Conj/Erth      100%       3d13      1%          3
 Manifold Assault         Tloc           67%        N/A       1%          4
 Portal Projectile        Hex/Tloc       92%        N/A       2%          3
 Vhi's Electric Charge    Tloc/Air       92%        N/A       2%          3
 Mephitic Cloud           Conj/Pois/Air  58%        N/A       3%          3
 Spider Form              Tmut/Pois      35%        N/A       5%          3
 Animate Armour           Summ/Erth      100%       N/A       5%          4
 Freeze                   Ice            64%        1d7       7%          1
 Summon Small Mammal      Summ           64%        N/A       7%          1
 Ensorcelled Hibernation  Hex/Ice        32%        N/A       10%         2
 Sublimation of Blood     Necr           16%        N/A       10%         2
 Fireball                 Conj/Fire      34%        3d14      14%         5
 Ice Form                 Ice/Tmut       35%        N/A       17%         4
 Swiftness                Air            16%        N/A       21%         3
 Freezing Cloud           Conj/Ice/Air   29%        6-21      32%         5
 Airstrike                Air            8%         2d(2-18)  54%         4
 Anguish                  Hex/Necr       8%         N/A       54%         4
 Animate Dead             Necr           16%        N/A       54%         4
 Summon Lightning Spire   Summ/Air       16%        N/A       54%         4
 Agony                    Necr           16%        N/A       88%         5
 Silence                  Hex/Air        8%         N/A       88%         5
 Dispersal                Tloc           33%        N/A       16%         6
 Orb of Destruction       Conj           47%        9d12      32%         7
 Conjure Ball Lightning   Conj/Air       34%        3x3d11    58%         6
 Starburst                Conj/Fire      34%        6d10      58%         6
 Lehudib's Crystal Spear  Conj/Erth      47%        10d11     95%         8
 Plasma Beam              Fire/Air       8%         2x1d20    100%        6
 Malign Gateway           Summ/Tloc      23%        N/A       100%        7
 Storm Form               Tmut/Air       17%        N/A       100%        7
 Discord                  Hex            8%         N/A       100%        8
 Disjunction              Tloc           33%        N/A       100%        8
 Maxwell's Capacitive Co  Air            8%         ∞         100%        8
 Chain Lightning          Conj/Air       34%        3d46      100%        9
 Fire Storm               Conj/Fire      34%        8d9       100%        9


Dungeon Overview and Level Annotations

Branches:
Dungeon (15/15)            Temple (0/1) D:6            Lair (5/5) D:11
  Swamp (4/4) Lair:2       Spider (0/4) Lair:3        Slime (0/5) Lair:5
    Orc (2/2) D:9             Elf (1/3) Orc:2        Vaults (0/5) D:14
 Depths (2/4) D:15        Ossuary (visited)          Bailey (visited)
  IceCv (visited)          WizLab (visited)         Gauntlet (visited)

Shops:
D:1 ?   D:4 :   D:5 *   D:9 *   Orc:1 (   Orc:2 ([=*

Portals:
Hell: Depths:1
Ziggurat: Depths:1

Annotations:
Elf:1 Jorgrun
Depths:2 Vv


Innate Abilities, Weirdness & Mutations

You are a living statue of rough stone.
Your actions are slow, but your melee attacks are powerful.
You are resistant to unholy torment.
Your maximum health is greatly increased.
You are immune to poison.
Your equipment is partially melded.
You have an increased reservoir of magic. (+10% MP)
You shall have no god before yourself.
Your divine heritage dramatically boosts your attributes as you level up.
You have a pair of small horns on your head.
You have a somewhat thin skeletal structure. (Dex +2, Stealth+)
You expend magic power (3 MP) to strengthen your wands.


Message History

Jorgrun is almost dead.
You block the fire elemental's attack.
The deep elf pyromancer casts a spell at you.
The bolt of fire hits you. You resist.
* * * LOW HITPOINT WARNING * * *
Jorgrun points at you and mumbles some strange words.
The iron shot hits you!!
* * * LOW HITPOINT WARNING * * *
The earth elemental hits you but does no damage.
The fire elemental barely misses you.
You take 27 damage, and have 11/193 hp.
You now have 17/46 mp.
You feel much better. You block the fire elemental's attack.
The earth elemental hits you but does no damage.
You block the fire elemental's attack.
The deep elf zephyrmancer completely misses you.
You regained 18 hp, and now have 29/193 hp.
Casting: Iron Shot (dangerous; 6% risk of failure)
Confirm with . or Enter, or press ? or * to list all spells.
Aiming: Iron Shot (dangerous; 6% risk of failure)
Press: ? - help, Shift-Dir - straight line, f/p - Jorgrun
Aim: Jorgrun, wielding a +0 heavy quarterstaff and wearing a +2 robe of positive energy (almost dead, 63% to hit)
Okay, then.
Casting: Iron Shot (dangerous; 6% risk of failure)
Confirm with . or Enter, or press ? or * to list all spells.
You extend your transformation's duration.
The fire elemental completely misses you.
The deep elf pyromancer gestures wildly while chanting.
Jorgrun gestures at you while chanting.
Roots burst forth from the earth!
The grasping roots grab you! The grasping roots constrict you.
* * * LOW HITPOINT WARNING * * *
The deep elf zephyrmancer gestures at you while chanting.
The bolt of lightning hits you! You resist.
* * * LOW HITPOINT WARNING * * *
The bolt of lightning hits the earth elemental.
The earth elemental completely resists.
The fire elemental completely misses you.
The earth elemental hits you!
You die...

...8# #...## ##°.#.#..
.... ....8
#..#######e....###. e..
.⌠...8#..○○°{(e........#..
..
......#.#########...°#.#
## # #.Ee# ##)#.#.°...
......#.# ##.##.##..###
.⌠...8#.# ##.###.# .##
....8 #.#####E## #.. .#
(..8###°##eE8## #..
..8###>.#..e## .... .8#
#.#..E)g.###..... .#
##..)E..)....... ..#
#......)........ #.#
............##..
#.#.##.......)...#..
............)....#
.##.#............##


You could see Jorgrun, 2 earth elementals, a deep elf pyromancer, a deep elf
zephyrmancer and 2 fire elementals.

Vanquished Creatures
  the Lernaean hydra (Swamp:4)
  Saint Roka (Depths:1)
  Frances (D:12)
  A fire giant (Depths:1)
  A tengu reaver (Depths:1)
  4 frost giants
  A draconian knight (WizLab)
  A deep elf sorcerer (Elf:1)
  3 ghouls (Swamp:1)
  A draconian annihilator (WizLab)
  2 orc warlords (Orc:2)
  2 spriggan defenders (Depths:2)
  5 very ugly things
  4 stone giants
  A vampire knight (Depths:1)
  6 bunyips
  4 eleionomae
  A minotaur (Gauntlet)
  10 purple draconians (WizLab)
  A dire elephant (D:15)
  A white draconian (IceCv)
  The ghost of croobank the Covert, a journeyman OpDe of Hepliaklqana (Lair:1)
  9 statues (WizLab)
  2 ettins
  2 fire dragons (Lair:5)
  A great orb of eyes (Lair:1)
  3 vault guards (D:14)
  A hell beast (Swamp:3)
  15 hydras
  Erolcha (D:10)
  The ghost of Esekla the Eclecticist, a journeyman DENe of Vehumet (Orc:2)
  4 ironbound frosthearts (IceCv)
  An ogre mage (D:15)
  3 catoblepae
  2 ghost crabs (Swamp:3)
  A rakshasa (Depths:1)
  2 ice dragons (Depths:2)
  A spriggan air mage (Swamp:4)
  A death knight (D:15)
  12 two-headed ogres
  4 boulder beetles
  3 centaur warriors
  3 dancing weapons (Elf:1)
  5 tengu warriors
  2 orc high priests (Orc:2)
  6 alligators
  A vampire mage (Depths:2)
  Urug (D:9)
  4 death yaks (Lair:5)
  2 spriggan berserkers (Depths:2)
  4 deep troll earth magi
  2 deep troll shamans
  5 deep elf knights (Elf:1)
  Nergalle (D:10)
  A skyshark (Lair:4)
  3 spriggan druids
  2 iron trolls
  4 goliath frogs
  4 deep trolls
  An orange crystal statue (IceCv)
  5 bog bodies
  3 deep elf archers (Elf:1)
  5 orc knights
  11 swamp dragons
  Pikel (D:4)
  A lindwurm (Lair:5)
  10 deep elf zephyrmancers (Elf:1)
  3 necromancers (D:14)
  4 wizards
  15 deep elf pyromancers
  6 cyclopes
  An oklob plant (Lair:3)
  A wolf spider (D:14)
  4 orc sorcerers (Orc:2)
  27 ugly things
  2 moths of wrath (Orc:2)
  5 manticores
  Maurice (D:9)
  A salamander (D:15)
  4 elephants (Lair:5)
  7 will-o-the-wisps
  3 black mambas
  2 ice statues (D:14)
  A smoke demon (Gauntlet)
  2 molten gargoyles (Gauntlet)
  An apocalypse crab (Gauntlet)
  5 cane toads
  2 gargoyles
  Maggie (D:7)
  2 minotaur zombies (Gauntlet)
  6 torpor snails
  17 rime drakes
  14 komodo dragons
  18 tengu conjurers
  8 trolls
  16 hornets
  25 polar bears
  A bloated husk (Swamp:4)
  11 tyrant leeches
  Grinder (D:4)
  A tarantella (shapeshifter) (D:14)
  An air elemental (Elf:1)
  A wraith (D:12)
  Sigmund (D:3)
  A shadow (D:11)
  9 slime creatures
  2 centaur simulacra (D:14)
  17 spriggans
  5 water elementals
  A fire elemental (Elf:1)
  A wyvern (Lair:1)
  Eustachio (D:5)
  19 humans (D:14)
  33 yaks
  2 steam dragons (Lair:5)
  7 basilisks
  15 vampire mosquitoes
  12 wargs
  Menkaure (D:6)
  A two-headed ogre zombie (D:10)
  7 acid dragons
  11 water moccasins
  19 swamp worms
  11 swamp drakes
  2 sky beasts (D:7)
  33 orc warriors
  An ice beast (D:14)
  7 black bears
  A boggart (shapeshifter) (D:14)
  27 ogres
  15 wolves
  21 centaurs
  2 kobold brigands
  A lemure (D:3)
  3 phantoms
  An elf zombie (Ossuary)
  Blork the orc (D:4)
  3 gnoll sergeants
  An earth elemental (Elf:1)
  13 bullfrogs
  9 scorpions
  20 wights
  15 killer bees
  5 electric eels
  6 howler monkeys
  A centaur zombie (Ossuary)
  2 crimson imps (Gauntlet)
  4 jellies
  3 hounds
  3 gnoll boudas
  2 human zombies (Ossuary)
  18 orc priests
  An iguana (shapeshifter) (D:13)
  Ijyb (D:3)
  9 iguanas
  A sleepcap (D:7)
  37 orc wizards
  4 hell rats (Lair:1)
  An ogre zombie (D:10)
  2 mummies (Ossuary)
  23 gnolls
  2 adders
  A white imp (D:5)
  An ufetubus (D:14)
  An adder zombie (Ossuary)
  2 worms
  A dart slug (D:14)
  78 orcs
  12 bats
  4 endoplasms
  7 giant cockroaches
  6 hobgoblins
  7 jackals
  A quokka (D:5)
  5 ball pythons
  5 frilled lizards
  8 goblins
  2 goblin zombies (Ossuary)
  12 hobgoblin zombies (Ossuary)
  A jackal zombie (Ossuary)
  18 kobolds
  7 kobold zombies (Ossuary)
  8 orc zombies (Ossuary)
  7 rats
  2 rat zombies (Ossuary)
  4 fulminant prisms (WizLab)
1106 creatures vanquished.

Vanquished Creatures (others)
  A deep elf zephyrmancer (Elf:1)
  A centaur (D:13)
  22 foxfires
  122 fulminant prisms
146 creatures vanquished.

Grand Total: 1252 creatures vanquished

Notes
Turn   | Place    | Note
-------+----------+-------------------------------------------
     0 | D:1      | spardeous the Demigod Conjurer began the quest for the Orb.
     0 | D:1      | Reached XP level 1. HP: 14/14 MP: 5/5
   148 | D:1      | Found Qumasah's Magic Scroll Shoppe.
   465 | D:1      | Reached XP level 2. HP: 20/20 MP: 2/7
  1309 | D:1      | Bought a scroll of identify for 26 gold pieces
  1515 | D:2      | Learned a level 2 spell: Searing Ray
  1682 | D:2      | Reached XP level 3. HP: 26/26 MP: 7/9
  2663 | D:3      | Noticed Sigmund
  2725 | D:3      | Killed Sigmund
  2726 | D:3      | Reached skill level 5 in Conjurations
  2726 | D:3      | Reached XP level 4. HP: 18/33 MP: 2/12
  2726 | D:3      | Reached XP level 5. HP: 21/38 MP: 2/13
  2814 | D:3      | Noticed Ijyb
  2824 | D:3      | Killed Ijyb
  3611 | D:4      | Identified the +1 flail of the Thirteen Heavens {flame,
                  | rPois}
  3693 | D:4      | Learned a level 4 spell: Iskenderun's Mystic Blast
  3721 | D:4      | Noticed Pikel
  3837 | D:4      | Noticed Blork the orc
  3845 | D:4      | Killed Blork the orc
  3846 | D:4      | Reached XP level 6. HP: 39/45 MP: 6/15
  4018 | D:4      | Found Jeapucim's Self-Improvement Boutique.
  4248 | D:4      | Killed Pikel
  4249 | D:4      | Reached skill level 5 in Spellcasting
  4249 | D:4      | Reached XP level 7. HP: 23/50 MP: 4/18
  4450 | D:4      | Noticed Grinder
  4458 | D:4      | Killed Grinder
  4671 | D:5      | Entered Level 5 of the Dungeon
  4702 | D:5      | Reached XP level 8. HP: 57/57 MP: 9/20
  4703 | D:5      | Reached skill level 1 in Translocations
  5326 | D:5      | Noticed Eustachio
  5332 | D:5      | Killed Eustachio
  5502 | D:5      | Found Qeeq's Assorted Antiques.
  5920 | D:5      | Reached XP level 9. HP: 60/62 MP: 12/24
  6101 | D:6      | Reached skill level 5 in Translocations
  6170 | D:6      | Noticed Menkaure
  6180 | D:6      | Killed Menkaure
  6209 | D:6      | Found a sand-covered staircase.
  6214 | Ossuary  | Entered an ossuary
  7048 | D:6      | Found a staircase to the Ecumenical Temple.
  7823 | D:7      | Found a flagged portal.
  7837 | Bailey   | Entered a bailey
  7918 | Bailey   | Learned a level 5 spell: Arcjolt
  8093 | Bailey   | Reached XP level 10. HP: 37/69 MP: 0/27
  8302 | Bailey   | Noticed a two-headed ogre
  8312 | Bailey   | Killed a two-headed ogre
  8884 | D:7      | Noticed Maggie
  8894 | D:7      | Killed Maggie
  9212 | D:7      | Reached skill level 10 in Spellcasting
 10699 | D:7      | Identified 4 scrolls of acquirement
 12238 | D:8      | Acquired a book of the Warp
 12242 | D:8      | Acquired 1019 gold pieces
 12246 | D:8      | Acquired spardeous's Atlas of Vehement Rot
 12250 | D:8      | Acquired the ring of Dofoih {AC+4 Str-5 Slay+5}
 12263 | D:9      | Noticed Maurice
 12275 | D:9      | Killed Maurice
 12276 | D:9      | Reached XP level 11. HP: 74/74 MP: 6/29
 12792 | D:9      | Reached skill level 10 in Translocations
 13124 | D:9      | Found a staircase to the Orcish Mines.
 13414 | D:9      | Found Doic Nyroett's Elemental Accessories.
 13860 | D:10     | Entered Level 10 of the Dungeon
 13977 | D:10     | Noticed Nergalle
 14280 | D:10     | Killed Nergalle
 14492 | D:10     | Reached skill level 10 in Conjurations
 14663 | D:10     | You fall into a shaft and drop 2 floors!
 14853 | D:12     | Reached skill level 1 in Armour
 15314 | D:12     | Noticed Frances
 15332 | D:12     | Killed Frances
 15671 | D:12     | Noticed a deep elf pyromancer
 15677 | D:12     | Killed a deep elf pyromancer
 15678 | D:12     | Reached skill level 5 in Armour
 15778 | D:12     | Noticed a two-headed ogre
 15792 | D:12     | Killed a two-headed ogre
 15898 | D:12     | Reached XP level 12. HP: 73/81 MP: 19/30
 16246 | D:11     | Found a staircase to the Lair.
 16547 | D:11     | Reached skill level 1 in Fighting
 16641 | D:11     | Reached skill level 2 in Fighting
 16759 | D:11     | Reached skill level 3 in Fighting
 17026 | D:11     | Reached skill level 4 in Fighting
 17554 | D:10     | Reached skill level 5 in Fighting
 17741 | D:10     | Reached skill level 6 in Fighting
 18051 | D:10     | Reached skill level 7 in Fighting
 18197 | D:10     | Noticed Erolcha
 18205 | D:10     | Killed Erolcha
 18206 | D:10     | Reached skill level 8 in Fighting
 18334 | D:10     | Got Sif Muna's Teachings on the Swarm and the Wendigo
 18630 | D:9      | Bought Lee's Catalogue of Bedrock for 532 gold pieces
 18712 | Lair:1   | Entered Level 1 of the Lair of Beasts
 18893 | D:4      | Bought a manual of Dodging for 800 gold pieces
 19016 | D:1      | Bought a scroll of teleportation for 39 gold pieces
 19406 | Lair:1   | Found a runed translucent gate.
 19406 | Lair:1   | Found a runed translucent gate.
 19406 | Lair:1   | Found a runed translucent gate.
 19409 | Lair:1   | Noticed croobank's ghost (journeyman OpDe)
 19409 | Lair:1   | Noticed a great orb of eyes
 19614 | Lair:1   | Reached skill level 5 in Dodging
 20077 | Lair:1   | You fall into a shaft and drop 1 floor!
 20432 | Lair:2   | Reached XP level 13. HP: 102/107 MP: 28/31
 20669 | Lair:2   | Found a staircase to the Swamp.
 20670 | Lair:2   | Got the Incunable of Evil Locality
 22385 | Lair:3   | Found a gate leading to a gauntlet.
 22421 | Lair:3   | Found a hole to the Spider Nest.
 22497 | Gauntlet | Entered a Gauntlet
 22497 | Gauntlet | Found a transporter.
 22497 | Gauntlet | Found a transporter.
 22628 | Gauntlet | Found a transporter.
 22637 | Gauntlet | Found a transporter.
 22662 | Gauntlet | Found a transporter.
 22666 | Gauntlet | Found a transporter.
 22666 | Gauntlet | Found a transporter.
 22670 | Gauntlet | Found a transporter.
 22697 | Gauntlet | Found a transporter.
 22708 | Gauntlet | Found a transporter.
 22721 | Gauntlet | Found a transporter.
 22730 | Gauntlet | Found a transporter.
 22772 | Gauntlet | Found a transporter.
 22793 | Gauntlet | Found a transporter.
 22892 | Gauntlet | Found a transporter.
 22906 | Gauntlet | Found a transporter.
 23013 | Gauntlet | Reached skill level 10 in Dodging
 23161 | Gauntlet | Identified the ring of Buil {+Blink rPois Str+6 Dex-5}
 23205 | Gauntlet | Learned a level 3 spell: Stone Arrow
 23212 | Gauntlet | Learned a level 6 spell: Iron Shot
 23314 | Gauntlet | Noticed a minotaur
 23371 | Gauntlet | Killed a minotaur
 23378 | Gauntlet | Identified the +7 arbalest of Hepliaklqana {speed, Will+
                  | MP+9}
 24094 | Lair:3   | Learned a level 6 spell: Statue Form
 24327 | Lair:4   | Reached skill level 1 in Transmutations
 24327 | Lair:4   | Reached skill level 1 in Earth Magic
 25467 | Lair:5   | Entered Level 5 of the Lair of Beasts
 25756 | Lair:5   | Found a staircase to the Slime Pits.
 26279 | D:4      | Bought a manual of Fighting for 800 gold pieces
 26845 | Lair:5   | Reached skill level 1 in Shields
 28493 | Lair:5   | Found a runed translucent door.
 28560 | Lair:5   | Paralysed by a hornet for 2 turns
 28570 | Lair:5   | Reached XP level 14. HP: 92/115 MP: 13/32
 28869 | Lair:5   | Reached skill level 5 in Shields
 30302 | D:14     | Found a frozen archway.
 30430 | IceCv    | Entered an ice cave
 31109 | IceCv    | Reached skill level 10 in Shields
 31596 | IceCv    | Noticed a frost giant
 31659 | IceCv    | Killed a frost giant
 31884 | IceCv    | Identified the ring of Haoroe {rF+ rC+ Str-2 Int+2 Stlth+}
 31942 | IceCv    | Gained mutation: Your spells are a little easier to cast,
                  | but a little less powerful. [potion of mutation]
 31942 | IceCv    | Gained mutation: You are robust. (+10% HP) [potion of
                  | mutation]
 31942 | IceCv    | Gained mutation: Your natural rate of healing is unusually
                  | fast. [potion of mutation]
 31943 | IceCv    | Lost mutation: You are robust. (+10% HP) [potion of
                  | mutation]
 31943 | IceCv    | Lost mutation: Your spells are a little easier to cast, but
                  | a little less powerful. [potion of mutation]
 31943 | IceCv    | Lost mutation: Your natural rate of healing is unusually
                  | fast. [potion of mutation]
 31943 | IceCv    | Gained mutation: You are robust. (+10% HP) [potion of
                  | mutation]
 31943 | IceCv    | Gained mutation: You have large cloven feet. [potion of
                  | mutation]
 31972 | IceCv    | Identified the +10 great mace of Uhelokae {venom, Fly}
 31972 | IceCv    | Noticed a frost giant
 31984 | IceCv    | Killed a frost giant
 33012 | D:14     | Reached XP level 15. HP: 133/133 MP: 24/34
 33390 | D:14     | Found a gate to the Vaults.
 33499 | D:15     | Entered Level 15 of the Dungeon
 33519 | D:15     | Found a staircase to the Depths.
 33542 | D:15     | Reached skill level 5 in Earth Magic
 35246 | Orc:1    | Entered Level 1 of the Orcish Mines
 35251 | Orc:1    | Noticed Urug
 35278 | D:9      | Killed Urug
 35948 | Orc:1    | Found Uwnonn's Weapon Emporium.
 36097 | Orc:2    | Entered Level 2 of the Orcish Mines
 36110 | Orc:2    | Found a staircase to the Elven Halls.
 36783 | Orc:2    | Found a transporter.
 36788 | Orc:2    | Found a transporter.
 36792 | Orc:2    | Noticed Esekla's ghost (journeyman DENe)
 37216 | Orc:2    | Gained mutation: Your body sometimes deteriorates upon
                  | taking damage. [a neqoxec]
 37281 | Orc:2    | Found Pylur's General Store.
 37286 | Orc:2    | Found Ebik Poa's Antique Armour Shop.
 37791 | Orc:2    | Found Meaps's Antique Weapon Shop.
 37806 | Orc:2    | Found Guton's Jewellery Shop.
 37876 | Orc:2    | Bought a pair of glowing gloves for 202 gold pieces
 37925 | Orc:2    | Reached skill level 10 in Earth Magic
 37930 | Orc:2    | Killed Esekla's ghost
 37932 | Orc:2    | Identified the +3 helmet of Cetet {rC+ rN++ Will+ Dex-4}
 38572 | D:1      | Bought a scroll of enchant armour for 97 gold pieces
 38572 | D:1      | Bought a scroll of blinking for 97 gold pieces
 38951 | Lair:1   | Killed croobank's ghost
 39160 | Depths:1 | Entered Level 1 of the Depths
 39200 | Depths:1 | Found a gateway to Hell.
 39221 | Depths:1 | Noticed Saint Roka
 39246 | Depths:1 | Killed Saint Roka
 39376 | Depths:1 | Found a magical portal.
 39536 | WizLab   | Entered Iskenderun's Mystic Tower
 39560 | WizLab   | Learned a level 4 spell: Fulminant Prism
 39593 | WizLab   | Learned a level 5 spell: Iskenderun's Battlesphere
 39600 | WizLab   | Learned a level 5 spell: Arcjolt
 40417 | WizLab   | Reached XP level 16. HP: 111/140 MP: 27/35
 41213 | WizLab   | Reached skill level 9 in Fighting
 41771 | WizLab   | Reached skill level 10 in Fighting
 42046 | WizLab   | Got the Incunable of Dimensional Arcane Weapons
 42069 | WizLab   | Got Iskenderun's Information on Blasts
 42072 | WizLab   | Got Iskenderun's Octavo of the Shot
 42280 | Depths:1 | Reached skill level 11 in Fighting
 42593 | Depths:1 | Reached skill level 12 in Fighting
 42982 | Depths:1 | Reached skill level 5 in Transmutations
 43302 | Depths:1 | Found a one-way gateway to a ziggurat.
 43491 | Depths:2 | Noticed Vv
 43840 | Depths:1 | Paralysed by something for 2 turns
 44748 | Swamp:1  | Entered Level 1 of the Swamp
 45548 | Swamp:1  | Reached skill level 13 in Fighting
 45830 | D:4      | Bought a manual of Axes for 800 gold pieces
 46087 | Swamp:1  | Reached skill level 1 in Axes
 46215 | Swamp:1  | Reached XP level 17. HP: 163/163 MP: 32/37
 46399 | Swamp:1  | Reached skill level 5 in Axes
 47856 | Swamp:3  | Identified the +1 trident of Zexzye {pain, rElec rC++ Int+8
                  | Dex-3}
 47965 | Swamp:3  | Found a transporter.
 48004 | Swamp:3  | Found a transporter.
 48487 | Swamp:3  | Gained mutation: You are vulnerable to cold. (rC-)
                  | [mutagenic glow]
 48492 | Swamp:3  | Gained mutation: Your body often deteriorates upon taking
                  | damage. [mutagenic glow]
 48535 | Swamp:3  | Identified the ring of Ycval {rPois rCorr Int+3 Slay+4}
 48538 | Swamp:3  | Identified the +2 pair of boots "Qotod" {Fly}
 48565 | Swamp:3  | Lost mutation: Your body often deteriorates upon taking
                  | damage. [potion of mutation]
 48565 | Swamp:3  | Lost mutation: You have large cloven feet. [potion of
                  | mutation]
 48565 | Swamp:3  | Gained mutation: You occasionally lose the ability to read
                  | scrolls when taking damage. [potion of mutation]
 48566 | Swamp:3  | Lost mutation: You are robust. (+10% HP) [potion of
                  | mutation]
 48566 | Swamp:3  | Lost mutation: You occasionally lose the ability to read
                  | scrolls when taking damage. [potion of mutation]
 48566 | Swamp:3  | Gained mutation: You expend magic power (3 MP) to
                  | strengthen your wands. [potion of mutation]
 48566 | Swamp:3  | Gained mutation: You have a pair of small horns on your
                  | head. [potion of mutation]
 48567 | Swamp:3  | Lost mutation: You expend magic power (3 MP) to strengthen
                  | your wands. [potion of mutation]
 48567 | Swamp:3  | Lost mutation: You are vulnerable to cold. (rC-) [potion of
                  | mutation]
 48567 | Swamp:3  | Gained mutation: You expend magic power (3 MP) to
                  | strengthen your wands. [potion of mutation]
 48567 | Swamp:3  | Lost mutation: Your body sometimes deteriorates upon taking
                  | damage. [potion of mutation]
 48567 | Swamp:3  | Gained mutation: You have a somewhat thin skeletal
                  | structure. (Dex +2, Stealth+) [potion of mutation]
 48582 | Swamp:4  | Entered Level 4 of the Swamp
 48872 | Swamp:4  | Noticed the 27-headed Lernaean hydra
 48878 | Swamp:4  | Killed the 27-headed Lernaean hydra
 49063 | Swamp:4  | Reached skill level 5 in Stealth
 49870 | Swamp:4  | Got a decaying rune of Zot
 50326 | Elf:1    | Entered Level 1 of the Elven Halls
 50449 | Elf:1    | Reached skill level 10 in Armour
 50671 | Elf:1    | Noticed Jorgrun
 50678 | Elf:1    | Slain by an earth elemental

Illustrated notes

Levels and vault maps discovered:
D:1:      dpeg_arrival_arbitrary_c, layout_loops_ring, serial_shops, shop,
          hellmonk_ecumenical_altar_crossroads, minmay_crystal_water
D:2:      layout_loops_ring, kennysheep_generic_room_4
D:3:      layout_basic, okawaru_altar_gauntlet_db, kennysheep_generic_room_6,
          uniq_sigmund, uniq_ijyb
D:4:      layout_rooms, nicolae_shop_self_help, uniq_blork_the_orc,
          uniq_grinder, uniq_pikel
D:5:      layout_gridville, serial_shops, shop, minivault_27,
          water_boxes_lemuel, uniq_eustachio
D:6:      layout_loops_cross, minmay_temple_entry_glassed_door, enter_ossuary_5,
          uniq_menkaure
D:7:      layout_loops_ring, minmay_overflow_temple_star_hex,
          mainiacjoe_overflow_24_doors, enter_bailey_3, serial_bayou_ford_a,
          uniq_maggie
D:8:      layout_loops_cross, gammafunk_temple_overflow_forgotten, serial_glass,
          glass_columns_b, glass_columns_a
D:9:      layout_basic, orc_0_dummy, nicolae_elemental_shop, uniq_maurice
D:10:     lemuel_ogre_cave, layout_cave_pools, nicolae_overflow_crystal_walls,
          skrybe_limestone_x, uniq_nergalle
D:11:     layout_long_grid, david_lair_shrubbed
D:12:     layout_roguey, hex_medium, serial_bayou_crossing, uniq_erolcha,
          uniq_frances
D:13:     layout_rooms
D:14:     layout_basic, grunt_vaults_entry_tiered, serial_ice, serial_ice_n,
          serial_ice_l, serial_ice_c, serial_ice_b,
          portal_ice_cave_entry_ice_statue_two, kennysheep_slug_shrine
D:15:     hangedman_depths_entry_try_elsewhere_first, layout_cave_pods,
          trog_three_pillars_becter, fedhas_altar_3
Lair:1:   layout_long_grid, gammafunk_ghost_ooze, columned_hall_lemuel,
          beast_lair_carwin_6, serial_bayou_shore_a, lemuel_fruit_tree
Lair:2:   layout_layer_cave, skrybe_swamp_entry_bodies,
          grunt_forest_stairs_clearing, grunt_megastairs_2
Lair:3:   layout_loops_ring, nicolae_spider_entry_non_spiders,
          gauntlet_entry_generic
Lair:4:   layout_layer_cave
Lair:5:   wormcave, layout_regular_city, guppyfry_lair_end_dragon,
          slime_entry_1, chequers_serial_rivers_micro_d
Swamp:1:  layout_falls_marsh, serial_swamp_ruin, evilmike_swamp_ruin_house_4,
          evilmike_swamp_ruin_house_5, evilmike_swamp_ruin_house_6, swamp_pool5,
          infiniplex_staircase_pool_2
Swamp:2:  layout_basic_swamp, nicolae_swamp_feature_on_the_river_bank
Swamp:3:  gammafunk_worm_tunnel, layout_basic_swamp,
          nicolae_swamp_trees_clearing
Swamp:4:  swamp_old_school, layout_basic_swamp
Orc:1:    layout_caves, serial_shops, nicolae_shop_real_fake_doors,
          nicolae_orc_flooded_monolith, mines_bat_river, uniq_urug
Orc:2:    grunt_orc_cross, layout_diamond_mine,
          gammafunk_ghost_berserking_beasts, bh_open_orc_temple
Elf:1:    nicolae_elf_arrival_fired_up, layout_rooms, minmay_elf_annihilation,
          minmay_shoptagon, lemuel_upstairs_altar, uniq_jorgrun, uniq_roxanne
Depths:1: layout_cave_pools, enter_ziggurat_a, mu_enter_wizlab_5,
          nemelex_diamond_rough_becter, pf_coc_iceberg, feat_on_display,
          uniq_saint_roka
Depths:2: nicolae_hitomezashi [nicolae_hito_row, nicolae_hito_row,
          nicolae_hito_row, nicolae_hito_row, nicolae_hito_row,
          nicolae_hito_row, nicolae_hito_row, nicolae_hito_row,
          nicolae_hito_row, nicolae_hito_row, nicolae_hito_row,
          nicolae_hito_row, nicolae_hito_row, nicolae_hito_row,
          nicolae_hito_row, nicolae_hito_row, nicolae_hito_row,
          nicolae_hito_row], layout_small_grid, hell_entry,
          minmay_strange_pillars, rand_demon_pan_entry_9, fiery_altar_vehumet,
          uniq_vv

Skill      XL: |  1  2  3  4  5  6  7  8  9 10 11 12 13 14 15 16 17 |
---------------+----------------------------------------------------+-----
Spellcasting   | 2 3 4 5 6 7 9 10 | 10.8
Conjurations   | 4 5 6 7 8 10 11 12 | 12.6
Translocations | 4 7 9 10 | 10.1
Armour         | 6 7 8 10 | 10.9
Fighting       | 8 13 | 13.0
Dodging        | 6 10 | 10.2
Transmutations | 4 6 |  6.5
Earth Magic    | 4 11 12 | 12.0
Shields        | 4 11 12 | 12.4
Axes           | 3 8 |  8.7
Stealth        | 5 |  5.0
Throwing       | |  0.9

Action                     |  1- 3 |  4- 6 |  7- 9 | 10-12 | 13-15 | 16-18 || total
---------------------------+-------+-------+-------+-------+-------+-------++-------
  Melee: Staff             |     1 |     4 |    42 |    51 |    86 |    22 ||   206
         Punch             |       |       |     1 |     1 |       |       ||     2
         Kick              |       |       |       |       |     9 |       ||     9
         Headbutt          |       |       |       |       |       |     5 ||     5
   Cast: Magic Dart        |   103 |    19 |    60 |       |     1 |       ||   183
         Searing Ray       |     3 |    15 |    66 |    17 |       |       ||   101
         Iskenderun's Myst |       |       |    15 |   329 |   940 |   332 ||  1616
         Fulminant Prism   |       |       |       |       |    33 |    93 ||   126
         Iskenderun's Batt |       |       |       |       |     1 |     3 ||     4
         Iron Shot         |       |       |       |       |       |   180 ||   180
         Statue Form       |       |       |       |       |       |    15 ||    15
  Evoke: Wand              |       |       |       |     3 |       |       ||     3
    Use: Scroll            |     2 |       |     4 |    14 |    25 |     5 ||    50
         Potion            |     2 |       |       |     1 |     9 |     6 ||    18
 Armour: Robe              |     3 |       |       |       |       |       ||     3
         Leather armour    |     5 |     9 |       |       |       |       ||    14
         Ring mail         |       |     5 |    40 |     1 |       |       ||    46
         Swamp dragon scal |       |       |       |   107 |   185 |    82 ||   374
         Skin              |       |       |       |       |       |    55 ||    55
  Dodge: Dodged            |     6 |    14 |    50 |   113 |   318 |   155 ||   656
         Repelled          |       |       |       |       |    15 |    32 ||    47
  Block: Kite shield       |       |       |       |       |   255 |   151 ||   406
